 Dungeon Crawl Stone Soup version 0.29-a0-857-g9b1aa3ac5b (webtiles) character file.

Game seed: 15943832129642412703

341 jimonade the Shooter (level 6, -4/36 HPs)
             Began as a Deep Elf Hunter on July 16, 2022.
             Killed from afar by an orc wizard (8 damage)
             ... with a magic dart
             ... on level 4 of the Dungeon.
             The game lasted 00:10:19 (4144 turns).

jimonade the Shooter (Deep Elf Hunter)              Turns: 4144, Time: 00:10:19

Health: -4/36      AC: 10    Str:  8    XL:     6   Next: 30%
Magic:  11/11      EV: 15    Int: 20    God:
Gold:   197        SH:  0    Dex: 20    Spells: 9/9 levels left

rFire   . . .      SeeInvis .   a - +0 shortbow
rCold   . . .      Faith    .   (shield currently unavailable)
rNeg    . . .      Spirit   .   D - +4 ring mail
rPois   .          Reflect  .   (no helmet)
rElec   .          Harm     .   (no cloak)
rCorr   .          Rampage  .   g - +0 pair of gloves
Will    .....                   (no boots)
Stlth   +.........              (no amulet)
HPRegen 0.12/turn               f - +6 ring of intelligence
MPRegen 0.12/turn               x - +4 ring of evasion

@: no status effects
A: no striking features
a: no special abilities


You were on level 4 of the Dungeon.
You visited 1 branch of the dungeon, and saw 5 of its levels.

You collected 233 gold pieces.
You spent 36 gold pieces at shops.

Inventory:

Hand Weapons
 a - a +0 shortbow (weapon)
 r - a +0 short sword of draining
 B - a +1 rapier of speed
Missiles
 h - 24 poisoned darts
 y - 5 curare-tipped darts
 C - a throwing net
Armour
 c - a +0 leather armour
 g - a +0 pair of gloves (worn)
 D - a +4 ring mail (worn)
Jewellery
 f - a +6 ring of intelligence (left hand)
 x - a +4 ring of evasion (right hand)
Scrolls
 b - 4 scrolls of immolation
 e - a scroll of vulnerability {unknown}
 l - a scroll of poison {unknown}
 m - a scroll of summoning {unknown}
 o - a scroll of fear {unknown}
 p - 8 scrolls of identify {unknown}
 q - a scroll of blinking {unknown}
 s - 2 scrolls of teleportation {unknown}
 t - 2 scrolls of noise {unknown}
 v - a scroll of silence {unknown}
 z - a scroll of acquirement {unknown}
 A - a scroll of amnesia {unknown}
Potions
 d - a potion of heal wounds {unknown}
 i - a potion of resistance {unknown}
 j - a potion of mutation {unknown}
 k - a potion of magic {unknown}
 n - 3 potions of curing
 u - a potion of haste {unknown}
 w - 2 potions of invisibility {unknown}


   Skills:
 * Level 2.9 Fighting
 + Level 7.5 Ranged Weapons
 + Level 0.8 Armour
 + Level 2.7 Dodging
 - Level 1.2 Stealth
 * Level 2.2 Spellcasting
 * Level 1.4 Conjurations
 * Level 1.0 Transmutations
 * Level 1.0 Fire Magic
 * Level 1.6 Poison Magic


You had 9 spell levels left.
You didn't know any spells.
Your spell library contained the following spells:

 Spells                   Type           Power      Damage    Failure   Level
 Magic Dart               Conj           28%        1d4       26%         1
 Passwall                 Tmut/Erth      3%         N/A       50%         2
 Call Imp                 Summ           2%         N/A       58%         2
 Ensorcelled Hibernation  Hex/Ice        4%         N/A       58%         2
 Spider Form              Tmut/Pois      7%         N/A       63%         3
 Ignite Poison            Fire/Tmut/Pois 7%         N/A       65%         3
 Mephitic Cloud           Conj/Pois/Air  6%         N/A       67%         3
 Ozocubu's Armour         Ice            2%         N/A       82%         3
 Swiftness                Air            2%         N/A       82%         3
 Tukima's Dance           Hex            2%         N/A       82%         3
 Anguish                  Hex/Necr       1%         N/A       99%         4
 Passage of Golubria      Tloc           2%         N/A       99%         4
 Alistair's Intoxication  Tmut/Pois      4%         N/A       100%        5
 Borgnjor's Vile Clutch   Necr/Erth      1%         N/A       100%        5
 Freezing Cloud           Conj/Ice/Air   2%         6-21      100%        5
 Metabolic Englaciation   Hex/Ice        1%         N/A       100%        5
 Yara's Violent Unravell  Hex/Tmut       2%         3d3       100%        5
 Eringya's Noxious Bog    Tmut/Pois      3%         N/A       100%        6
 Simulacrum               Ice/Necr       1%         N/A       100%        6


Dungeon Overview and Level Annotations

Branches:
Dungeon (5/15)
 Temple: D:4-7

Altars:
Qazlal
Sif Muna

Shops:
D:3 **[

Annotations:
D:4 3 runed translucent doors, exclusion: downstairs, Dowan; Duvessa; zeratav's ghost, amateur OpVM
D:5 exclusion: upstairs


Message History

Something hits you. x2
You hear some strange, mumbled words.
A puff of flame appears from out of thin air!
The puff of flame misses you. Something hits you but does no damage.
Fire: a) +0 shortbow
Press: ? - help, Q - select action, (/) - cycle Shift-Dir - straight line You shoot an arrow.
Something hits you but does no damage. Something barely misses you.
Fire: a) +0 shortbow
Press: ? - help, Q - select action, (/) - cycle Shift-Dir - straight line You shoot an arrow.
Something hits you but does no damage.
You hear some strange, mumbled words.
A puff of flame appears from out of thin air!
The puff of flame hits you.
You hear some strange, mumbled words.
A puff of flame appears from out of thin air!
The puff of flame hits you!
* * * LOW HITPOINT WARNING * * *
Something hits you.
* * * LOW HITPOINT WARNING * * *
You can't go down here!
Unknown command.
Something hits you.
* * * LOW HITPOINT WARNING * * *
Something hits you but does no damage.
You climb upwards.
Level annotation: 3 runed translucent doors, exclusion: downstairs, Dowan; Duvessa; zeratav's ghost, amateur OpVM Reactivating autopickup.
There is a stone staircase leading down, spattered with blood here.
Fire: a) +0 shortbow
Press: ? - help, Q - select action, (/) - cycle Shift-Dir - straight line You shoot an arrow.
You feel a bit more experienced. Something hits you but does no damage.
Deactivating autopickup; reactivate with Ctrl-A.
Your Fire Magic skill increases to level 1!
Something hits you but does no damage.
A magic dart appears from out of thin air!
The magic dart hits you!
You die...

## .# .## ..# ..#
..##################
...<..........{>@..#
######.....#######.#
#................#.#
#...........####.#.#
#...........# #.#.#
#...........# #.#.#
#.......)...# #...#
####..)#..##########
..(#.....##...#


There were no monsters in sight!

Vanquished Creatures
  A scorpion (D:4)
  2 hounds (D:4)
  2 iguanas (D:4)
  An orc wizard (D:4)
  5 adders
  An ufetubus (D:4)
  3 worms
  A dart slug (D:2)
  5 orcs
  9 endoplasms
  6 giant cockroaches
  9 goblins
  2 hobgoblins
  4 jackals (D:1)
  2 quokkas
  12 ball pythons
  4 bats
  3 frilled lizards
  10 kobolds
  A rat (D:3)
83 creatures vanquished.

Notes
Turn   | Place    | Note
-------+----------+-------------------------------------------
     0 | D:1      | jimonade the Deep Elf Hunter began the quest for the Orb.
     0 | D:1      | Reached XP level 1. HP: 12/12 MP: 3/3
    84 | D:1      | Reached XP level 2. HP: 17/17 MP: 4/4
   240 | D:1      | Reached skill level 6 in Ranged Weapons
   458 | D:1      | Found a faded altar of an unknown god.
   842 | D:2      | Reached XP level 3. HP: 21/21 MP: 6/6
   998 | D:2      | Reached skill level 1 in Spellcasting
  2185 | D:3      | Found a shimmering blue altar of Sif Muna.
  2221 | D:3      | Found Teemeicu's Antique Armour Boutique.
  2387 | D:3      | Found Piocsesch's General Store.
  2395 | D:3      | Bought a potion of curing for 36 gold pieces
  2578 | D:3      | Reached XP level 4. HP: 24/26 MP: 7/7
  2649 | D:3      | Found Alanotifu's General Store.
  3042 | D:4      | Found a runed translucent gate.
  3042 | D:4      | Found a runed translucent gate.
  3042 | D:4      | Found a runed translucent gate.
  3047 | D:4      | Noticed zeratav's ghost (amateur OpVM)
  3248 | D:4      | Reached skill level 7 in Ranged Weapons
  3248 | D:4      | Reached XP level 5. HP: 19/31 MP: 9/9
  3492 | D:4      | Reached skill level 1 in Conjurations
  3492 | D:4      | Reached skill level 1 in Poison Magic
  3623 | D:4      | Found a stormy altar of Qazlal.
  3646 | D:4      | Noticed Duvessa
  3646 | D:4      | Noticed Dowan
  3678 | D:5      | Entered Level 5 of the Dungeon
  4033 | D:4      | Reached skill level 1 in Transmutations
  4033 | D:4      | Reached XP level 6. HP: 26/36 MP: 11/11
  4144 | D:4      | Reached skill level 1 in Fire Magic
  4144 | D:4      | Killed from afar by an orc wizard

Illustrated notes

Levels and vault maps discovered:
D:1:      dpeg_arrival_more_subterranean_lakeside_camping, layout_basic,
          hellmonk_ecumenical_altar_inner_sanctum, minmay_heptomino_w4
D:2:      layout_loops_corners
D:3:      layout_loops_corners, mainiacjoe_overflow_small_starburst,
          serial_shops, nicolae_shop_advertising_works
          [nicolae_subvault_shop_adworks], shop, nicolae_square_shop,
          guppyfry_early_lair_pool
D:4:      layout_basic, nicolae_qazlal_general_emergency,
          ebering_ghost_rock_garden, grunt_ministairs_7, minmay_distorted,
          uniq_duvessa
D:5:      cheibrodos_fzero, layout_basic, vehumet_crystals,
          minmay_temple_entry_large_hall, serial_shops,
          nicolae_shop_bloodbath_and_beyond

Skill      XL: |  1  2  3  4  5  6 |
---------------+-------------------+-----
Ranged Weapons | 6 7 |  7.5
Fighting       | 2 |  2.9
Spellcasting   | 1 2 |  2.2
Conjurations   | 1 |  1.4
Poison Magic   | 1 |  1.6
Transmutations | 1 |  1.0
Fire Magic     | 1 |  1.0
Armour         | |  0.8
Dodging        | |  2.7
Stealth        | |  1.2

Action                   |  1- 3 |  4- 6 || total
-------------------------+-------+-------++-------
 Fire: Shortbow          |   110 |   128 ||   238
Armor: Leather armour    |     8 |     7 ||    15
       Ring mail         |       |    15 ||    15
Dodge: Dodged            |    32 |    58 ||    90

Table legend: (Time is in decaauts)
 A = Elapsed time spent in this place.
 B = Non-inter-level travel time spent in this place.
 C = Inter-level travel time spent in this place.
 D = Time resting spent in this place.
 E = Time spent auto-exploring this place.
 F = Levels seen in this place.
 G = Mean time per level.
                   A        B        C        D        E       F      G
               +--------+--------+--------+--------+--------+-----+--------+
         Total |   4201 |   4093 |    108 |    329 |   2981 |   5 |  840.2 |
       Dungeon |   4201 |   4093 |    108 |    329 |   2981 |   5 |  840.2 |
               +--------+--------+--------+--------+--------+-----+--------+

Top non-repeatable levels by time:
     D:2: 1099 daAuts
     D:4: 1083 daAuts
     D:1: 985 daAuts
     D:3: 964 daAuts
     D:5: 68 daAuts
